 Dungeon Crawl Stone Soup version 0.25.1-2-g60ff931 (webtiles) character file.

Game seed: 13411320474029917388

5980 V1BEZ the Whirler (level 11, -1/78 HPs)
             Began as a Halfling Hunter on Sept 12, 2020.
             Was a Follower of Qazlal.
             Slain by a tengu conjurer (5 damage)
             ... led by a tengu conjurer
             ... on level 11 of the Dungeon on Sept 14, 2020.
             The game lasted 01:43:41 (9948 turns).

V1BEZ the Whirler (Halfling Hunter)                 Turns: 9948, Time: 01:43:42

Health: -1/78      AC:  7    Str: 13    XL:     11   Next: 10%
Magic:  20/20      EV: 14    Int:  9    God:    Qazlal [*.....]
Gold:   436        SH:  0    Dex: 19    Spells: 10/10 levels left

rFire    . . .     SeeInvis .   a - +1 hunting sling
rCold    . . .     Gourm    .   (shield restricted)
rNeg     . . .     Faith    .   i - +0 scale mail
rPois    .         Spirit   .   (no helmet)
rElec    .         Reflect  .   (no cloak)
rCorr    .         Harm     .   (no gloves)
MR       .....                  (no boots)
Stlth    ..........             y - amulet of the acrobat
HPRegen  0.23/turn              o - ring of magical power
MPRegen  0.17/turn              d - +4 ring of slaying

@: confused, brilliant, lethally poisoned (-1 -> -3), flying, very slightly
contaminated, studying Armour, invisible
A: small, mutation resistance 1
a: Renounce Religion


You were on level 11 of the Dungeon.
You worshipped Qazlal.
Qazlal was aware of your devotion.
You were full.

You visited 1 branch of the dungeon, and saw 11 of its levels.
You also visited: Sewer.

You collected 436 gold pieces.

Inventory:

Hand Weapons
 a - a +1 hunting sling (weapon)
 b - a +0 short sword
Missiles
 g - 220 stones (quivered)
 v - 28 poisoned darts
 w - 3 boomerangs
Armour
 c - a +0 leather armour
 i - a +0 scale mail (worn)
Jewellery
 d - a +4 ring of slaying (right hand)
 o - a ring of magical power (left hand)
 q - an uncursed ring of magical power
 y - an amulet of the acrobat (around neck)
 C - an uncursed ring of ice {unknown}
 H - an uncursed ring of poison resistance {unknown}
 K - an uncursed ring of protection from magic
Wands
 m - a wand of iceblast (10)
 A - a wand of flame (8)
 F - a wand of paralysis (8)
 L - a wand of enslavement (8)
Scrolls
 e - 4 scrolls of teleportation
 h - a scroll of blinking
 j - 3 scrolls of remove curse
 B - 2 scrolls of amnesia
 I - 2 scrolls of holy word {unknown}
Potions
 k - a potion of brilliance
 l - a potion of lignification
 n - a potion of berserk rage {unknown}
 t - 4 potions of curing
 z - 2 potions of might
 E - 2 potions of stabbing
 J - a potion of haste {unknown}
Books
 r - a manual of Armour
Comestibles
 f - 14 rations
 G - 2 chunks of flesh


   Skills:
 + Level 8.7 Fighting
 + Level 15.4(15.5) Slings
 + Level 1.5(7.5) Throwing
 + Level 6.2 Armour
 + Level 3.9 Dodging
 + Level 2.9 Stealth


You had 10 spell levels left.
You didn't know any spells.
Your spell library contained the following spells:

 Spells                   Type           Power        Failure   Level  Hunger
 Corona                   Hex            #......      85%         1    None
 Ensorcelled Hibernation  Hex/Ice        #.....       94%         2    None
 Confusing Touch          Hex            #.......     99%         3    None
 Dazzling Flash           Conj/Hex       #.....       99%         3    None
 Tukima's Dance           Hex            #.......     99%         3    None


Dungeon Overview and Level Annotations

Branches:
Dungeon (11/15)            Temple (0/1) D:4           Sewer (visited)
   Lair: D:8-11         Orc: D:9-12

Altars:
Ashenzari
Dithmenos
Kikubaaqudgha
Nemelex Xobeh
Okawaru
Qazlal
Ru
Trog
Uskayaw
Wu Jian
Yredelemnul


Innate Abilities, Weirdness & Mutations

You are small and have problems with some larger weapons.
You are somewhat resistant to further mutation.


Message History

You are very lightly contaminated with residual magic.
You're too confused!
You feel clever all of a sudden.
You feel sick.
The centaur shoots an arrow.
The arrow hits the tengu conjurer!
The tengu conjurer hits you.
* * * LOW HITPOINT WARNING * * *
The tengu conjurer pecks you.
* * * LOW HITPOINT WARNING * * *
The tengu conjurer claws you but does no damage.
You're too confused!
It was a potion of ambrosia.
You are more confused.
You feel invigorated.
The centaur shoots an arrow.
The arrow barely misses the tengu conjurer.
The arrow misses you.
The vampire gestures wildly while chanting.
The vampire flickers and vanishes!
Deactivating autopickup; reactivate with Ctrl-A.
The tengu conjurer hits you.
You die...

♣♣♣♣♣♣ ♣♣♣..).♣♣ ♣♣♣♣♣♣ ♣♣♣♣♣♣
♣♣..♣♣♣.÷♣♣♣♣♣♣♣@Qch♣♣♣♣♣♣♣....♣♣
..♣♣♣ ♣...)...{..♣♣hh.♣♣....♣♣♣..
♣♣♣ ♣♣...♣♣♣♣♣♣♣♣♣♣♣...♣♣♣♣ ♣♣♣ ♣
♣♣♣♣...♣ ♣♣♣♣♣ ♣ ♣♣)))..♣♣♣♣
♣♣.♣♣♣♣....♣♣♣ ♣.♣♣ ♣♣♣♣...♣♣♣
♣.♣♣ ♣♣....♣♣♣♣ ♣..♣♣ ♣♣♣.....♣♣♣


You could see a tengu conjurer, a centaur and 3 jackals.

Vanquished Creatures
  A gargoyle (D:10)
  A tengu conjurer (D:11)
  A hornet (D:8)
  2 hippogriffs (D:10)
  Sigmund (D:2)
  8 spriggans
  A hungry ghost (D:11)
  2 sky beasts
  2 ice beasts
  2 orc warriors
  2 phantoms
  Purgy (Sewer)
  An eye of draining (D:11)
  A necrophage (D:4)
  5 ogres
  2 big kobolds
  4 bullfrogs
  A gnoll sergeant (D:7)
  A scorpion (D:7)
  4 wights (D:9)
  3 killer bees (D:9)
  5 crimson imps
  3 howler monkeys (D:11)
  A bullfrog zombie (D:9)
  2 centaur skeletons
  2 hounds
  A jelly (D:7)
  An orc priest (D:5)
  A bullfrog skeleton (D:7)
  2 orc wizards (D:5)
  3 iguanas
  3 hell rats (D:5)
  5 worker ants
  A hound zombie (D:7)
  4 gnolls (D:7)
  7 river rats (D:5)
  8 adders
  A howler monkey skeleton (D:8)
  3 shadow imps
  An ooze (D:1)
  An adder zombie (D:6)
  4 worms
  2 dart slugs (D:1)
  5 leopard geckos
  8 orcs
  A ball python (D:2)
  9 giant cockroaches
  3 goblins
  4 hobgoblins
  5 jackals
  A quokka (D:4)
  6 bats (D:1)
  6 frilled lizards
  14 kobolds
  A leopard gecko zombie (D:5)
  24 rats
194 creatures vanquished.

Vanquished Creatures (others)
  5 toadstools (D:6)
5 creatures vanquished.

Grand Total: 199 creatures vanquished

Notes
Turn   | Place    | Note
-------+----------+-------------------------------------------
     0 | D:1      | V1BEZ the Halfling Hunter began the quest for the Orb.
     0 | D:1      | Reached XP level 1. HP: 14/14 MP: 1/1
   204 | D:1      | Reached skill level 6 in Slings
   214 | D:1      | Reached XP level 2. HP: 12/19 MP: 2/2
   388 | D:1      | Reached XP level 3. HP: 24/24 MP: 3/3
   556 | D:1      | Reached skill level 7 in Slings
   806 | D:2      | Found a hide-covered altar of Uskayaw.
   821 | D:2      | Reached XP level 4. HP: 23/29 MP: 4/4
  1110 | D:2      | Noticed Sigmund
  1127 | D:2      | Killed Sigmund
  1127 | D:2      | Reached skill level 8 in Slings
  1127 | D:2      | Reached skill level 1 in Armour
  1127 | D:2      | Reached XP level 5. HP: 9/35 MP: 5/5
  1127 | D:2      | Reached XP level 6. HP: 10/41 MP: 6/6
  1466 | D:2      | Found a stormy altar of Qazlal.
  1797 | D:3      | Noticed a phantom
  1826 | D:3      | Killed a phantom
  1826 | D:3      | Reached skill level 9 in Slings
  2211 | D:3      | Found a shattered altar of Ashenzari.
  2241 | D:3      | Found a shadowy altar of Dithmenos.
  2271 | D:3      | Found an ornate altar of the Wu Jian Council.
  2464 | D:4      | Found a sparkling altar of Nemelex Xobeh.
  2716 | D:4      | Found a staircase to the Ecumenical Temple.
  2780 | D:4      | Noticed a necrophage
  2793 | D:4      | Killed a necrophage
  2793 | D:4      | Reached skill level 10 in Slings
  2793 | D:4      | Reached XP level 7. HP: 46/46 MP: 7/7
  3204 | D:5      | Entered Level 5 of the Dungeon
  3382 | D:5      | Found a glowing drain.
  3408 | Sewer    | Entered a sewer
  3488 | Sewer    | Noticed Purgy
  3501 | Sewer    | Killed Purgy
  3993 | D:5      | Reached XP level 8. HP: 52/52 MP: 8/8
  4016 | D:5      | Reached skill level 11 in Slings
  4220 | D:5      | Found the +2 ratskin cloak {+Rats rPois rN+ Str-1 Int-1
                  | Dex+1}
  4532 | D:5      | Found a bloodstained altar of Trog.
  4577 | D:5      | Found a sacrificial altar of Ru.
  5068 | D:6      | Reached skill level 12 in Slings
  5616 | D:7      | Found a basalt altar of Yredelemnul.
  5742 | D:7      | Reached XP level 9. HP: 58/59 MP: 9/9
  5802 | D:7      | Reached skill level 5 in Fighting
  6187 | D:7      | Reached skill level 13 in Slings
  6447 | D:7      | Found an ancient bone altar of Kikubaaqudgha.
  7261 | D:7      | Found a stormy altar of Qazlal.
  7450 | D:7      | Became a worshipper of Qazlal Stormbringer
  7721 | D:8      | Noticed a hornet
  7729 | D:8      | Killed a hornet
  7764 | D:8      | Reached skill level 5 in Armour
  8309 | D:9      | Reached XP level 10. HP: 67/69 MP: 10/10
  8353 | D:9      | Found an iron altar of Okawaru.
  8587 | D:9      | Reached skill level 1 in Throwing
  8659 | D:9      | Reached skill level 14 in Slings
  8976 | D:10     | Entered Level 10 of the Dungeon
  9229 | D:10     | Noticed a gargoyle
  9245 | D:10     | Killed a gargoyle
  9456 | D:11     | Reached * piety under Qazlal
  9567 | D:11     | Reached skill level 15 in Slings
  9751 | D:11     | Reached XP level 11. HP: 78/78 MP: 10/11
  9900 | D:11     | Identified a scroll of acquirement
  9900 | D:11     | Acquired a manual of Armour
  9944 | D:11     | HP: 3/78 [centaur/arrow (1)]
  9947 | D:11     | HP: 1/78 [tengu conjurer[a tengu conjurer] (4)]
  9948 | D:11     | Slain by a tengu conjurer

Illustrated notes

Levels and vault maps discovered:
D:1:      dpeg_arrival_oval, layout_basic, hangedman_decor_growths
D:2:      layout_loops_ring, eat_drink_and_be_merry_uskayaw,
          nicolae_qazlal_general_emergency, uniq_sigmund
D:3:      layout_rooms, nicolae_overflow_crystal_walls, old_standard_altar,
          lemuel_crystal_altar, minmay_misc_feat_plants
D:4:      layout_loops_corners, lemuel_crystal_altar,
          minmay_temple_entry_crystal_x, first_ration, minmay_joined_circles
D:5:      wander_guarded_unrand_ratskin, layout_basic, lightli_temple_of_fire,
          kennysheep_little_box, portal_sewer_entry_e, corexii_corridor_pit
D:6:      layout_basic, kennysheep_cross_bottleneck, minmay_gold_behind_fungi,
          minmay_misc_feat_x, st_stairs_13, grunt_gozag_statues
D:7:      layout_loops_ring, lemuel_crystal_altar, marbit_many_paths,
          basic_altar, the_bakery, minmay_misc_feat_five,
          kennysheep_generic_room_12
D:8:      layout_cave_pools, serial_bayou_lagoon_a, st_stairs_14
D:9:      layout_layer_cave, lemuel_round_altar
D:10:     layout_grid_maze
D:11:     kb_forest_paths, layout_basic, lair_entry_dummy,
          lightli_fourway_metalbox

Skill      XL: |  1  2  3  4  5  6  7  8  9 10 |
---------------+-------------------------------+-----
Slings         | 6 7 8 10 12 13 15 | 15.4
Fighting       | 2 3 4 6 8 |  8.7
Armour         | 1 2 3 5 6 |  6.2
Stealth        | 2 |  2.9
Dodging        | 3 |  3.9
Throwing       | 1 |  1.5

Action                   |  1- 3 |  4- 6 |  7- 9 | 10-12 || total
-------------------------+-------+-------+-------+-------++-------
Melee: Hunting sling     |     2 |       |     3 |       ||     5
 Fire: Hunting sling     |    77 |   150 |   505 |   234 ||   966
Throw: Dart              |       |       |     7 |     1 ||     8
  Use: Scroll            |       |       |    14 |     5 ||    19
       Potion            |       |       |     2 |     5 ||     7
  Eat: Chunk             |       |     2 |     3 |       ||     5
       Ration            |       |     1 |     6 |     2 ||     9
Armor: Leather armour    |     6 |     1 |     9 |       ||    16
       Scale mail        |       |       |    19 |    15 ||    34
       Skin              |       |       |     5 |       ||     5
Dodge: Dodged            |    20 |    19 |   143 |    38 ||   220
